 Dungeon Crawl Stone Soup version 0.25-a0-663-gace7076 (webtiles) character file.

Game seed: 8225018014247691658, levelgen mode: deterministic

135 stigmas the Ruffian (level 4, -2/41 HPs)
             Began as a Troll Transmuter on Mar 25, 2020.
             Slain by a hippogriff (8 damage)
             ... on level 2 of the Dungeon.
             The game lasted 00:02:01 (889 turns).

stigmas the Ruffian (Troll Transmuter)               Turns: 889, Time: 00:02:05

Health: -2/41      AC:  6    Str: 18    XL:     4   Next: 96%
Magic:  5/5        EV: 10    Int: 10    God:
Gold:   70         SH:  0    Dex: 10    Spells: 5/6 levels left

rFire    . . .     SeeInvis .     - Unarmed
rCold    . . .     Gourm    +   (no shield)
rNeg     . . .     Faith    .   b - +0 robe
rPois    .         Spirit   .   (helmet restricted)
rElec    .         Reflect  .   (no cloak)
rCorr    .         Harm     .   (gloves unavailable)
MR       .....                  (boots unavailable)
Stlth    +.........             (no amulet)
HPRegen  0.53/turn              (no ring)
MPRegen  0.09/turn              (no ring)

@: very slightly contaminated
A: large, unfitting armour, claws 3, fast metabolism 3, gourmand, regeneration
1, shaggy fur 1, tough skin 3
a: no special abilities


You were on level 2 of the Dungeon.
You were very full.

You visited 1 branch of the dungeon, and saw 2 of its levels.

You collected 70 gold pieces.

Inventory:

Missiles
 a - 12 arrows
Armour
 b - a +0 robe (worn)
Wands
 g - a wand of iceblast (10)
Scrolls
 f - a scroll of identify {unknown}
Comestibles
 d - 5 rations


   Skills:
 * Level 1.4 Fighting
 + Level 1.8 Dodging
 * Level 4.7 Unarmed Combat
 * Level 1.5 Spellcasting
 * Level 1.8 Transmutations


You had 5 spell levels left.
You knew the following spells:

 Your Spells              Type           Power        Failure   Level  Hunger
a - Beastly Appendage     Tmut           #.....       16%         1    ##.....

Your spell library contained the following spells:

 Spells                   Type           Power        Failure   Level  Hunger
 Sticks to Snakes         Tmut           #.......     22%         2    ###....
 Spider Form              Tmut/Pois      #.........   54%         3    ####...
 Ice Form                 Ice/Tmut       #.......     91%         4    #####..
 Blade Hands              Tmut           #.........   99%         5    ######.


Dungeon Overview and Level Annotations

Branches:
Dungeon (2/15)

Altars:
Fedhas
Gozag


Innate Abilities, Weirdness & Mutations

You are too large for most types of armour.
You have claws for hands.
Your metabolism is lightning-fast.
You like to eat raw meat.
Your natural rate of healing is unusually fast.
You are covered in fur. (AC +1)
You have extremely tough skin. (AC +3)


Message History

You are very lightly contaminated with residual magic.
Your skin glows momentarily.
The hippogriff bites you. The hippogriff pecks you.
The hippogriff closely misses you.
You barely miss the hippogriff.
The hippogriff is moderately wounded.
The hippogriff bites you.
* * * LOW HITPOINT WARNING * * *
The hippogriff closely misses you. The hippogriff barely misses you.
It was a potion of curing.
You feel better. The hippogriff bites you!
* * * LOW HITPOINT WARNING * * *
The hippogriff pecks you.
* * * LOW HITPOINT WARNING * * *
The hippogriff barely misses you.
It was a potion of magic.
Magic courses through your body. The hippogriff bites you.
* * * LOW HITPOINT WARNING * * *
The hippogriff pecks you.
* * * LOW HITPOINT WARNING * * *
The hippogriff claws you!
You die...

....# .# ###.#
##### .. ..#.# #
.##.#.# ..# .....
#.# ... #.# #†# #.#
# #.# # .... #. #H#
.# #.# #.##@##.#
..# ###.......# #
#......[### #
#.####..# #########
###..# # #.......#
#....# #
#.#####.#.##.#..#
###....##.#.......#
.....#.##.####.####


You could see a hippogriff.

Vanquished Creatures
  A bullfrog (D:2)
  An adder (D:2)
  3 oozes
  A worm (D:2)
  3 dart slugs (D:1)
  A leopard gecko (D:2)
  3 bats
  2 giant cockroaches
  2 goblins (D:1)
  8 hobgoblins
  2 ball pythons
  4 frilled lizards
  6 kobolds
  5 rats
42 creatures vanquished.

Notes
Turn   | Place    | Note
-------+----------+-------------------------------------------
     0 | D:1      | stigmas the Troll Transmuter began the quest for the Orb.
     0 | D:1      | Reached XP level 1. HP: 18/18 MP: 1/1
    44 | D:1      | Reached XP level 2. HP: 24/26 MP: 0/3
    58 | D:1      | Reached skill level 1 in Fighting
   142 | D:1      | Reached XP level 3. HP: 15/33 MP: 2/4
   625 | D:2      | Found a blossoming altar of Fedhas.
   693 | D:2      | Reached skill level 4 in Unarmed Combat
   760 | D:2      | Noticed a bullfrog
   778 | D:2      | Killed a bullfrog
   778 | D:2      | Reached XP level 4. HP: 29/41 MP: 3/5
   802 | D:2      | Found an opulent altar of Gozag.
   877 | D:2      | Noticed a hippogriff
   889 | D:2      | Slain by a hippogriff

Levels and vault maps discovered:
D:1:      dpeg_arrival_pits, layout_rooms, hangedman_glass_teeth,
          chequers_decorated_corner, dk_noncrumbling_2, serial_park_tiny_2
D:2:      wander_river, layout_loops_cross, grunt_gozag_breadcrumbs,
          fedhas_ov_isle_minmay, hangedman_decor_growths, uniq_terence

Skill      XL: |  1  2  3 |
---------------+----------+-----
Fighting       | 1 |  1.4
Unarmed Combat | 4 |  4.7
Dodging        | |  1.8
Spellcasting   | |  1.5
Transmutations | |  1.8

Action                   |  1- 3 |  4- 6 || total
-------------------------+-------+-------++-------
Melee: Unarmed           |    87 |     9 ||    96
       Kick              |     3 |       ||     3
 Cast: Beastly Appendage |     4 |       ||     4
  Use: Potion            |       |     2 ||     2
  Eat: Chunk             |    12 |       ||    12
Armor: Robe              |    15 |     3 ||    18
Dodge: Dodged            |    47 |     9 ||    56

Table legend:
 A = Non-vault XP
 B = Vault XP
 C = Vault XP percentage of total XP
 D = Non-vault monster count
 E = Vault monster count
 F = Vault count percentage of total count
                 A         B        C        D         E       F
            +---------+---------+-------+---------+---------+-------
      Total |     193 |       0 |   0.0 |      42 |       0 |   0.0
            +---------+---------+-------+---------+---------+-------
        D:1 |      52 |       0 |   0.0 |      23 |       0 |   0.0
        D:2 |     141 |       0 |   0.0 |      19 |       0 |   0.0
            +---------+---------+-------+---------+---------+-------
